 Dungeon Crawl Stone Soup version 0.22.1-1-ga44c0e5 (webtiles) character file.

23023 Starchild the Fencer (level 13, 0/111 HPs)
             Began as a Formicid Gladiator on Oct 9, 2018.
             Was a High Priest of Okawaru.
             Slain by a nine-headed hydra (7 damage)
             ... on level 1 of the Lair of Beasts on Oct 10, 2018.
             The game lasted 01:31:56 (18104 turns).

Starchild the Fencer (Formicid Gladiator)          Turns: 18104, Time: 01:31:57

Health: 0/111      AC: 26    Str: 20    XL:     13   Next: 32%
Magic:  0/37       EV:  2    Int: 11    God:    Okawaru [*****.]
Gold:   1674       SH:  0    Dex: 19    Spells: 12/12 levels left

rFire    . . .     SeeInvis .   N - +6 great sword "Spiderslayer" {venom, rElec Int+2}
rCold    . . .     Gourm    .   (no shield)
rNeg     + + +     Faith    .   (armour currently unavailable)
rPois    +         Spirit   +   (helmet unavailable)
rElec    +         Reflect  .   (cloak currently unavailable)
rCorr    .         Harm     .   (gloves currently unavailable)
MR       +....                  (boots currently unavailable)
Stlth    +++.......             f - amulet of Ymaprer {Spirit Dex+4}
HPRegen  0.28/turn              k - ring of magical power
MPRegen  0.25/turn              J - ring of magical power

@: tree-form, heroism
A: permanent stasis, dig shafts and tunnels, four strong arms, frail 1
a: Heroism, Finesse, Renounce Religion


You were on level 1 of the Lair of Beasts.
You worshipped Okawaru.
Okawaru was extremely pleased with you.
You were not hungry.
You were a tree.
You visited 3 branches of the dungeon, and saw 14 of its levels.
You also visited: Sewer.

You collected 1674 gold pieces.

Inventory:

Hand Weapons
 a - a +0 long sword
 D - a +1 hunting sling
 N - the +6 great sword "Spiderslayer" (weapon) {venom, rElec Int+2}
   (You found it on level 8 of the Dungeon)

   It poisons the flesh of those it strikes.
   It affects your intelligence (+2).
   It insulates you from electricity.
 W - the +8 halberd "Oschi" {venom, *Slow +Inv rPois Str+8, unknown}
   (You found it on level 11 of the Dungeon)

   It poisons the flesh of those it strikes.
   It affects your strength (+8).
   It protects you from poison.
   It lets you turn invisible.
   It may slow you when you take damage.
 Y - a +6 scimitar of flaming
Missiles
 c - 3 throwing nets
 e - 309 stones
 g - 10 javelins
 m - 36 sling bullets
 H - 19 tomahawks
 R - 6 steel javelins (quivered)
Armour
 b - a +0 leather armour
 n - a +0 large shield of protection
 w - the +1 ring mail of Resonance (melded) {rElec rC+ Int+3}
   (You found it on level 7 of the Dungeon)

   It affects your intelligence (+3).
   It protects you from cold.
   It insulates you from electricity.
 F - a +0 shield
 I - a +1 pair of gloves (melded)
 V - +0 acid dragon scales
Jewellery
 f - the amulet of Ymaprer (around neck) {Spirit Dex+4}
   (You acquired it on level 8 of the Dungeon)

   [amulet of guardian spirit]

   It causes incoming damage to be split between your health and magic.
   It affects your dexterity (+4).
 k - a ring of magical power (left branch)
 s - an uncursed ring of ice
 y - an uncursed ring of stealth
 J - a ring of magical power (right branch)
Wands
 x - a wand of digging (28)
 z - a wand of flame (27)
 A - a wand of paralysis (8)
 K - a wand of enslavement (13)
 L - a wand of random effects (24)
 P - a wand of clouds (2)
 T - a wand of acid (13)
Scrolls
 j - 3 scrolls of remove curse
 p - a scroll of amnesia
Potions
 h - 3 potions of curing
 i - 3 potions of agility
 l - 4 potions of might
 o - a potion of degeneration {unknown}
 t - 3 potions of flight
 v - a potion of resistance
 B - a potion of magic {unknown}
Comestibles
 d - 26 rations


   Skills:
 - Level 2.1(7.1) Fighting
 + Level 18.7(23.7) Long Blades
 - Level 2.0(7.0) Throwing
 - Level 2.6(7.6) Dodging
 - Level 9.1 Invocations


You had 12 spell levels left.
You didn't know any spells.
Your spell library contained the following spells:

 Spells                   Type           Power        Failure   Level  Hunger
 Apportation              Tloc           #.....       34%         1    ##.....
 Magic Dart               Conj           #...         34%         1    ##.....
 Summon Butterflies       Summ           #.......     34%         1    ##.....
 Summon Small Mammal      Summ           #...         34%         1    ##.....
 Call Imp                 Summ           #.......     47%         2    ###....
 Slow                     Hex            #.......     47%         2    ###....
 Call Canine Familiar     Summ           #.......     71%         3    ####...
 Conjure Flame            Conj/Fire      #.......     71%         3    ####...
 Lesser Beckoning         Tloc           #.........   71%         3    ####...
 Mephitic Cloud           Conj/Pois/Air  #.......     71%         3    ####...
 Summon Guardian Golem    Hex/Summ       #.......     71%         3    ####...
 Tukima's Dance           Hex            #.......     71%         3    ####...
 Summon Ice Beast         Ice/Summ       #.......     98%         4    #####..
 Summon Lightning Spire   Summ/Air       #.......     98%         4    #####..
 Alistair's Intoxication  Tmut/Pois      #.......     100%        5    ######.
 Invisibility             Hex            #.......     100%        6    #######
 Blink                    Tloc           Unusable     N/A         2    N/A

Dungeon Overview and Level Annotations

Branches:
Dungeon (11/15)            Temple (0/1) D:6            Lair (1/6) D:9
    Orc (2/2) D:10            Elf (0/3) Orc:2

Altars:
Cheibriados
Dithmenos
Fedhas
Hepliaklqana
Okawaru
Ru
Sif Muna
Yredelemnul
Zin
Beogh

Shops:
D:5 }   Orc:1 %   Orc:2 *(((

Annotations:
D:3 2 runed doors, Monsterracer's ghost, amateur OpWz
D:4 3 runed doors, Paps's ghost, amateur MiFi; bmj180's ghost, amateur HaFi


Innate Abilities, Weirdness & Mutations

You cannot be hasted, slowed, berserked, paralysed or teleported.
You can dig through walls and to a lower floor.
Your four strong arms can wield two-handed weapons with a shield.
((You have a pair of large antennae on your head. (SInv)))
((You have sharp toenails.))
You are frail. (-10% HP)


Message History

The eight-headed hydra bites you.
* * * LOW HITPOINT WARNING * * *
The eight-headed hydra bites you but does no damage.
The eight-headed hydra bites you.
* * * LOW HITPOINT WARNING * * *
The eight-headed hydra bites you but does no damage. x4
You feel better.
The eight-headed hydra bites you but does no damage. x5
The eight-headed hydra completely misses you.
The eight-headed hydra bites you but does no damage. x2
Okay, then.
You hack one of the eight-headed hydra's heads off!
The seven-headed hydra grows two more!
You slice the nine-headed hydra!!
The nine-headed hydra is heavily wounded.
The nine-headed hydra bites you.
* * * LOW HITPOINT WARNING * * *
The nine-headed hydra bites you but does no damage. x2
The nine-headed hydra completely misses you.
The nine-headed hydra bites you!
You die...

## .. ....... #. D...... #.##
....... ... ....... #.##
....... ##.P# .......
#P..#######....... ######
##....♣D§§§....... ##....#
#...#.)######P##.. #.....##
##.###.....#####
.......###..##........#P#
...........###..........##
...........# #...........###
..........P# #.............#
...........P###............##
...........## #.............#


You could see a nine-headed hydra.

Vanquished Creatures
  Fannar (Lair:1)
  A hydra (D:9)
  Erolcha (Orc:2)
  A two-headed ogre (Orc:2)
  3 orc high priests (Orc:2)
  4 orc knights (Orc:2)
  5 orc sorcerers
  2 ugly things (D:11)
  A guardian serpent (D:11)
  A rime drake (Lair:1)
  A queen bee (Lair:1)
  A troll (D:10)
  Grinder (D:6)
  2 hippogriffs
  A shadow (D:11)
  2 wyverns
  A yak (D:9)
  Eustachio (D:8)
  Menkaure (D:6)
  A warg (Orc:2)
  2 acid dragons
  Duvessa (D:7)
  4 water moccasins
  3 porcupines
  An ice beast (D:10)
  A sky beast (D:9)
  4 black bears
  A hornet zombie (D:11)
  An eye of draining (D:6)
  25 orc warriors
  5 necrophages
  3 phantoms
  9 ogres
  A centaur (D:6)
  3 crocodiles
  A big kobold (Sewer)
  12 bullfrogs
  Dowan (D:7)
  2 gnoll sergeants (D:8)
  26 killer bees (Lair:1)
  A scorpion (D:8)
  7 howler monkeys
  21 wights
  8 crimson imps
  4 centaur zombies
  A centaur skeleton (D:5)
  A jelly (D:11)
  2 bullfrog skeletons
  14 orc priests
  4 hounds
  29 orc wizards
  5 iguanas
  7 worker ants
  A killer bee zombie (D:8)
  2 hound skeletons
  A hound zombie (D:10)
  2 mummies (D:10)
  4 gnolls (D:6)
  8 river rats (Sewer)
  12 adders
  An ooze (D:1)
  An adder skeleton (D:6)
  4 worms
  4 leopard geckos
  77 orcs
  7 ball pythons
  10 giant cockroaches
  5 goblins
  8 hobgoblins
  18 jackals
  18 kobolds
  8 quokkas
  4 bats
  6 frilled lizards
  A leopard gecko skeleton (D:6)
  A leopard gecko zombie (D:5)
  A quokka skeleton (D:4)
  22 rats
  4 fungi (D:9)
  3 plants (D:9)
475 creatures vanquished.

Vanquished Creatures (others)
  An orc wizard (Orc:2)
  18 fungi (D:9)
  6 plants (D:9)
  A withered plant (D:4)
26 creatures vanquished.

Grand Total: 501 creatures vanquished

Notes
Turn   | Place    | Note
-------+----------+-------------------------------------------
     0 | D:1      | Starchild the Formicid Gladiator began the quest for the
                  | Orb.
     0 | D:1      | Reached XP level 1. HP: 16/16 MP: 1/1
   102 | D:1      | Reached XP level 2. HP: 16/22 MP: 2/2
   284 | D:1      | Reached skill level 4 in Long Blades
   284 | D:1      | Reached XP level 3. HP: 25/27 MP: 3/3
  1348 | D:2      | Reached XP level 4. HP: 33/33 MP: 4/4
  2014 | D:3      | Reached skill level 5 in Long Blades
  2184 | D:3      | Reached XP level 5. HP: 27/38 MP: 5/5
  2317 | D:3      | Found a large runed door.
  2317 | D:3      | Found a large runed door.
  2319 | D:3      | Noticed Monsterracer's ghost (amateur OpWz)
  2428 | D:3      | Found a glowing drain.
  2460 | D:3      | Reached skill level 6 in Long Blades
  2517 | Sewer    | Entered a sewer
  2626 | Sewer    | Reached XP level 6. HP: 39/44 MP: 6/6
  3215 | Sewer    | Reached skill level 7 in Long Blades
  3497 | Sewer    | Reached XP level 7. HP: 36/50 MP: 7/7
  4464 | D:4      | Found a runed gate.
  4480 | D:4      | Found a runed gate.
  4481 | D:4      | Found a runed gate.
  4554 | D:4      | Noticed Paps's ghost (amateur MiFi)
  4555 | D:4      | Noticed bmj180's ghost (amateur HaFi)
  4779 | D:5      | Entered Level 5 of the Dungeon
  4833 | D:5      | Reached skill level 8 in Long Blades
  5253 | D:5      | Found a shadowy altar of Dithmenos.
  5281 | D:5      | Found Nar Mys's Gadget Shoppe.
  5340 | D:5      | Reached XP level 8. HP: 54/56 MP: 8/8
  5354 | D:5      | Reached skill level 9 in Long Blades
  5691 | D:6      | Noticed Menkaure
  5696 | D:6      | Killed Menkaure
  5876 | D:6      | Noticed Grinder
  5883 | D:6      | Killed Grinder
  5883 | D:6      | Reached skill level 10 in Long Blades
  5896 | D:6      | Found a deep blue altar of Sif Muna.
  5901 | D:6      | Found a blossoming altar of Fedhas.
  5908 | D:6      | Found an iron altar of Okawaru.
  5911 | D:6      | Found a glowing silver altar of Zin.
  5916 | D:6      | Found a shadowy altar of Dithmenos.
  5921 | D:6      | Found a hazy altar of Hepliaklqana.
  5934 | D:6      | Became a worshipper of Warmaster Okawaru
  5954 | D:6      | Found a basalt altar of Yredelemnul.
  6061 | D:6      | Found a staircase to the Ecumenical Temple.
  6092 | D:6      | You fall through a shaft for 3 floors!
  6096 | D:9      | Noticed a wyvern
  6102 | D:9      | Killed a wyvern
  6102 | D:9      | Reached skill level 11 in Long Blades
  6102 | D:9      | Reached XP level 9. HP: 56/61 MP: 9/9
  6153 | D:9      | HP: 3/61 [bullfrog (8)]
  6161 | D:9      | Reached * piety under Okawaru
  6248 | D:9      | Noticed a five-headed hydra
  6932 | D:8      | Noticed Eustachio
  6993 | D:7      | Reached skill level 12 in Long Blades
  7033 | D:7      | Noticed a hippogriff
  7151 | D:7      | Reached skill level 1 in Invocations
  7457 | D:7      | Noticed Duvessa
  7476 | D:7      | Killed Duvessa
  7476 | D:7      | Reached ** piety under Okawaru
  7635 | D:7      | Noticed Dowan
  7642 | D:7      | Killed Dowan
  7939 | D:7      | Got a smoking ring mail
  7940 | D:7      | Identified the +1 ring mail of Resonance {rElec rC+ Int+3}
                  | (You found it on level 7 of the Dungeon)
  8076 | D:6      | Reached XP level 10. HP: 54/67 MP: 11/11
  8361 | D:6      | Reached skill level 13 in Long Blades
  9195 | D:7      | Found a sacrificial altar of Ru.
 10282 | D:8      | Killed Eustachio
 10550 | D:8      | Got a pitted great sword
 10551 | D:8      | Identified the +6 great sword "Spiderslayer" {venom, rElec
                  | Int+2} (You found it on level 8 of the Dungeon)
 10697 | D:8      | Identified a scroll of acquirement
 10698 | D:8      | Got a shimmering zirconium amulet
 10699 | D:8      | Identified the amulet of Ymaprer {Spirit Dex+4} (You
                  | acquired it on level 8 of the Dungeon)
 10727 | D:9      | Found a snail-covered altar of Cheibriados.
 10740 | D:9      | Reached skill level 14 in Long Blades
 10741 | D:9      | Reached *** piety under Okawaru
 11018 | D:9      | Found a staircase to the Lair.
 11024 | D:9      | Killed a six-headed hydra
 11024 | D:9      | Reached **** piety under Okawaru
 11024 | D:9      | Reached skill level 5 in Invocations
 11024 | D:9      | Reached XP level 11. HP: 72/72 MP: 14/14
 11204 | D:10     | Entered Level 10 of the Dungeon
 11240 | D:10     | Received a gift from Okawaru
 11273 | D:10     | Reached skill level 15 in Long Blades
 11727 | D:10     | Found a staircase to the Orcish Mines.
 12543 | D:11     | Reached ***** piety under Okawaru
 12681 | D:11     | Noticed a red ugly thing
 12697 | D:11     | Killed a red ugly thing
 12987 | D:11     | Noticed a green ugly thing
 12996 | D:11     | Killed a green ugly thing
 12996 | D:11     | Received a gift from Okawaru
 13033 | D:11     | Got an ancient halberd
 13595 | D:11     | Reached skill level 16 in Long Blades
 13674 | D:11     | Received a gift from Okawaru
 14098 | Orc:1    | Entered Level 1 of the Orcish Mines
 14100 | Orc:1    | Noticed an orc sorcerer
 14108 | Orc:1    | Killed an orc sorcerer
 14212 | Orc:1    | Found Bynicym's Food Shop.
 14223 | Orc:1    | Reached XP level 12. HP: 70/78 MP: 17/17
 14328 | Orc:1    | Found a roughly hewn altar of Beogh.
 14732 | Orc:1    | Noticed an orc warlord
 14787 | Orc:2    | Entered Level 2 of the Orcish Mines
 14789 | Orc:2    | Found a dark tunnel.
 14808 | Orc:2    | Noticed Erolcha
 14814 | Orc:2    | Noticed a two-headed ogre
 14816 | Orc:2    | Killed Erolcha
 14827 | Orc:2    | Killed a two-headed ogre
 15034 | Orc:2    | Found a roughly hewn altar of Beogh.
 15063 | Orc:2    | Reached skill level 17 in Long Blades
 15104 | Orc:2    | Received a gift from Okawaru
 15740 | Orc:2    | Found a staircase to the Elven Halls.
 16148 | Orc:2    | Noticed an orc high priest
 16158 | Orc:2    | Killed an orc high priest
 16198 | Orc:2    | Noticed an orc high priest
 16204 | Orc:2    | Noticed a sixfirhy
 16217 | Orc:2    | Killed an orc high priest
 16562 | Orc:2    | Reached XP level 13. HP: 17/83 MP: 7/19
 17131 | Orc:2    | Reached skill level 18 in Long Blades
 17351 | Orc:2    | Found Hideng's Antique Weapon Shop.
 17351 | Orc:2    | Found Ciw Lub's Assorted Antiques.
 17353 | Orc:2    | Found Curo's Weapon Emporium.
 17353 | Orc:2    | Found Icatagre's Weapon Shop.
 17440 | Orc:2    | Gained mutation: You are frail. (-10% HP) [potion of
                  | mutation]
 17440 | Orc:2    | Gained mutation: You are somewhat resistant to further
                  | mutation. [potion of mutation]
 17441 | Orc:2    | Lost mutation: You are frail. (-10% HP) [potion of
                  | mutation]
 17442 | Orc:2    | Lost mutation: You are somewhat resistant to further
                  | mutation. [potion of mutation]
 17442 | Orc:2    | Gained mutation: You are dopey. (Int -2) [potion of
                  | mutation]
 17442 | Orc:2    | Gained mutation: You are frail. (-10% HP) [potion of
                  | mutation]
 17442 | Orc:2    | Lost mutation: You are dopey. (Int -2) [potion of mutation]
 17442 | Orc:2    | Gained mutation: You have sharp toenails. [potion of
                  | mutation]
 17605 | Lair:1   | Entered Level 1 of the Lair of Beasts
 18022 | Lair:1   | Noticed Fannar
 18042 | Lair:1   | Killed Fannar
 18082 | Lair:1   | Noticed a seven-headed hydra
 18102 | Lair:1   | HP: 2/111 [eight-headed hydra (5)]
 18104 | Lair:1   | Slain by a nine-headed hydra

Skill      XL: |  1  2  3  4  5  6  7  8  9 10 11 12 13 |
---------------+----------------------------------------+-----
Long Blades    | 4 5 6 7 8 11 12 14 16 17 18 | 18.7
Invocations    | 2 5 7 9 |  9.1
Fighting       | |  2.1
Throwing       | |  2.0
Dodging        | |  2.6

Action                   |  1- 3 |  4- 6 |  7- 9 | 10-12 | 13-15 || total
-------------------------+-------+-------+-------+-------+-------++-------
Melee: Long sword        |    82 |   247 |   374 |   271 |       ||   974
       Great sword       |       |       |       |   471 |   101 ||   572
       Punch             |       |       |       |     2 |       ||     2
       Kick              |       |       |       |       |    22 ||    22
Throw: Stone             |       |     7 |     9 |       |       ||    16
       Tomahawk          |       |       |    45 |    25 |       ||    70
       Javelin           |       |       |    10 |    59 |     7 ||    76
       Throwing net      |       |       |     5 |     1 |       ||     6
Invok: Heroism           |       |       |       |     9 |     4 ||    13
       Finesse           |       |       |       |     1 |       ||     1
 Abil: Dig               |       |     1 |     5 |     4 |       ||    10
Evoke: Wand              |       |       |     7 |     5 |     3 ||    15
  Use: Potion            |       |     1 |     5 |     5 |    14 ||    25
       Scroll            |       |       |     4 |    11 |     5 ||    20
 Stab: Sleeping          |       |       |     3 |     6 |       ||     9
       Held in net/web   |       |       |     2 |       |       ||     2
  Eat: Chunk             |     1 |     7 |    11 |    22 |     2 ||    43
       Ration            |       |       |     2 |     2 |     1 ||     5
Armor: Leather armour    |    13 |    69 |    49 |       |       ||   131
       Ring mail         |       |       |       |   154 |    27 ||   181
       Skin              |       |       |       |       |    15 ||    15
Dodge: Dodged            |    61 |   208 |   189 |   326 |    91 ||   875
       Rpst.: Long sword |    26 |    54 |    60 |    34 |       ||   174
       Great sword       |       |       |       |    59 |    22 ||    81
